 Dungeon Crawl Stone Soup version 0.24-a0-170-gd8427f5 (console) character file.

Game seed: 3095297664437856641

18 Voker57 the Slasher (level 2, 22/22 HPs)
             Began as a Demonspawn Gladiator on Mar 11, 2019.
             Got out of the dungeon alive.
             The game lasted 00:00:42 (519 turns).

Voker57 the Slasher (Demonspawn Gladiator)           Turns: 519, Time: 00:00:43

Health: 22/22      AC:  4    Str: 14    XL:     2   Next: 48%
Magic:  2/2        EV: 13    Int:  9    God:
Gold:   22         SH:  0    Dex: 14    Spells: 1/1 levels left

rFire    . . .     SeeInvis .   i - -2 dagger (curse)
rCold    . . .     Gourm    .   (no shield)
rNeg     . . .     Faith    .   b - +0 leather armour
rPois    .         Spirit   .   c - +0 helmet
rElec    .         Reflect  .   (no cloak)
rCorr    .         Harm     .   (no gloves)
MR       .....                  (no boots)
Stlth    ++........             (no amulet)
HPRegen  0.07/turn              (no ring)
MPRegen  0.08/turn              (no ring)

@: no status effects
A: nightstalker 1
a: no special abilities


You escaped.
You were not hungry.

You visited 1 branch of the dungeon, and saw 1 of its levels.

You collected 22 gold pieces.

Inventory:

Hand Weapons
 a - a +0 long sword
 i - a cursed -2 dagger (weapon)
Missiles
 d - 3 throwing nets (quivered)
Armour
 b - a +0 leather armour (worn)
 c - a +0 helmet (worn)
Potions
 e - 2 potions of curing {unknown}
 h - a potion of brilliance {unknown}
Comestibles
 f - a ration


   Skills:
 + Level 2.3 Fighting
 * Level 3.1 Long Blades
 - Level 1.7 Throwing
 + Level 2.9 Dodging
 + Level 0.1 Stealth


You had one spell level left.
You didn't know any spells.
Your spell library was empty.

Dungeon Overview and Level Annotations

Branches:
Dungeon (1/15)

Altars:


Innate Abilities, Weirdness & Mutations

You are slightly more attuned to the shadows.


Message History

i - a runed dagger Wield which item (- for none, * to show all)? (? for menu, Esc to quit)
It sticks to your hand!
i - a cursed -2 dagger (weapon)
As you read the scroll labeled TEUMEECSOS, it crumbles to dust.
You assume a fearsome visage.
Nothing appears to happen.
It was a scroll of fear.
A goblin comes into view. It is wielding a +0 club.
A goblin is nearby!
A goblin is nearby!
The goblin misses you.
You hit the goblin.
The goblin is severely wounded.
You hit the goblin.
You kill the goblin!
Things that are here:
a +0 club; a goblin corpse You see here a leather armour.
There is a staircase leading out of the dungeon here.
Are you sure you want to leave the Dungeon?
This will make you lose the game!
You have escaped!

#.###.# #...# ..#
......##########.#.##### #.#
.........#####.....###### #.#
...#######...#.....#...## #.#
##.# #.⌠.#.....#.⌠.## #.# #.#
#.(.#.....#!..## #.# #.#
#####.....##########.### #.#
.....).................. #.#
................######## #.#
....(..@.......## #.. #.#
...............# #.# #.#
...............# #.# #.#
#####.....###### #.#
##.#######...#.....#...### #.#
#...##.>.#.⌠.#.....#.⌠.#.# #.#
...[.#.###...#.....#..$#.######.#
.......# #####.....#####.........
.....### ##.####.#.######.####
#...## #......#.# ##.####


There were no monsters in sight!

Vanquished Creatures
  2 leopard geckos (D:1)
  A bat (D:1)
  A giant cockroach (D:1)
  2 hobgoblins (D:1)
  2 kobolds (D:1)
  5 goblins (D:1)
13 creatures vanquished.

Notes
Turn   | Place    | Note
-------+----------+-------------------------------------------
     0 | D:1      | Voker57 the Demonspawn Gladiator began the quest for the
                  | Orb.
     0 | D:1      | Reached XP level 1. HP: 16/16 MP: 1/1
   245 | D:1      | Reached skill level 3 in Long Blades
   271 | D:1      | Gained mutation: You are slightly more attuned to the
                  | shadows. [demonic ancestry]
   271 | D:1      | Reached XP level 2. HP: 22/22 MP: 2/2
   519 | D:$      | Got out of the dungeon alive.

Levels and vault maps discovered:
D:1:      minmay_arrival_glassed_features, layout_loops_ring

Skill      XL: |  1 |
---------------+----+-----
Long Blades    | 3 |  3.1
Fighting       | |  2.3
Throwing       | |  1.7
Dodging        | |  2.9
Stealth        | |  0.1

Action                   || total
-------------------------++-------
Melee: Long sword        ||    32
       Dagger            ||     2
  Use: Scroll            ||     1
Armor: Leather armour    ||    13
Dodge: Dodged            ||    31
       Rpst.: Long sword ||     8

Table legend:
 A = Non-vault XP
 B = Vault XP
 C = Vault XP percentage of total XP
 D = Non-vault monster count
 E = Vault monster count
 F = Vault count percentage of total count
                 A         B        C        D         E       F
            +---------+---------+-------+---------+---------+-------
      Total |      26 |       0 |   0.0 |      13 |       0 |   0.0
            +---------+---------+-------+---------+---------+-------
        D:1 |      26 |       0 |   0.0 |      13 |       0 |   0.0
            +---------+---------+-------+---------+---------+-------
